 Dungeon Crawl Stone Soup version 0.22.1-1-ga44c0e56f4 (webtiles) character file.

162925 Peloso the Hoplite (level 17, -11/156 HPs)
             Began as a Minotaur Fighter on Oct 28, 2018.
             Was the Champion of Okawaru.
             Killed from afar by a merfolk aquamancer (36 damage)
             ... with a torrent of water
             ... on level 1 of the Shoals.
             The game lasted 02:15:40 (41251 turns).

Peloso the Hoplite (Minotaur Fighter)              Turns: 41251, Time: 02:15:41

Health: -11/156    AC: 31    Str: 31    XL:     17   Next: 23%
Magic:  0/18       EV: 10    Int:  8    God:    Okawaru [******]
Gold:   2173       SH: 26    Dex: 13    Spells: 16/16 levels left

rFire    . . .     SeeInvis .   r - +3 long sword (holy)
rCold    . . .     Gourm    .   c - +1 large shield {AC+3}
rNeg     + . .     Faith    .   p - +0 plate armour of Ruaquyr {rN+}
rPois    +         Spirit   +   o - +2 hat {Int+3}
rElec    .         Reflect  .   E - +2 cloak
rCorr    .         Harm     .   n - +2 pair of gloves of the Valley {Str+2}
MR       +....                  w - +0 pair of boots
Stlth    ..........             D - amulet of guardian spirit
HPRegen  0.36/turn              H - +4 ring of strength
MPRegen  0.16/turn              q - ring of poison resistance

@: no status effects
A: retaliatory headbutt, horns 2
a: Heroism, Finesse, Renounce Religion


You were on level 1 of the Shoals.
You worshipped Okawaru.
Okawaru was exalted by your worship.
You were hungry.

You visited 6 branches of the dungeon, and saw 27 of its levels.
You visited the Abyss 1 time.
You also visited: Bailey and Ice Cave.

You collected 2926 gold pieces.
You spent 753 gold pieces at shops.

Inventory:

Hand Weapons
 a - a +1 scimitar of slicing
 r - a +3 long sword of holy wrath (weapon)
 B - a +2 hand axe of flaming
Armour
 b - a +0 scale mail
 c - a +1 large shield of protection (worn)
 d - the +0 buckler of the Invisible Princes {MR+ Regen+}
   (Okawaru gifted it to you on level 1 of the Orcish Mines)

   It affects your resistance to hostile enchantments.
   It increases your rate of regeneration.
 n - the +2 pair of gloves of the Valley (worn) {Str+2}
   (You bought it in a shop on level 1 of the Orcish Mines)

   It affects your strength (+2).
 o - a +2 hat of intelligence (worn)
 p - the +0 plate armour of Ruaquyr (worn) {rN+}
   (You found it on level 6 of the Dungeon)

   It protects you from negative energy.
 w - a +0 pair of boots (worn)
 C - the +1 scale mail of Xadde {*Slow MR+ Regen+ Slay+6}
   (You found it on level 1 of the Shoals)

   It affects your accuracy and damage with ranged weapons and melee attacks
   (+6).
   It affects your resistance to hostile enchantments.
   It increases your rate of regeneration.
   It may slow you when you take damage.
 E - a +2 cloak (worn)
 L - the +0 pair of gloves of Gestures {rC+ SInv Stlth+}
   (Okawaru gifted it to you on level 2 of the Lair of Beasts)

   It protects you from cold.
   It lets you see invisible.
   It makes you more stealthy.
 Q - a +1 plate armour of cold resistance
Jewellery
 m - an uncursed ring of flight
 q - a ring of poison resistance (right hand)
 u - an uncursed ring of see invisible
 v - an uncursed ring of protection from cold
 y - an uncursed ring of ice
 D - an amulet of guardian spirit (around neck)
 H - a +4 ring of strength (left hand)
 J - an uncursed ring of protection from magic
 O - the ring of Guifeise {Fire rN++}
   (You found it on level 4 of the Lair of Beasts)

   [ring of fire]

   It enhances your fire magic.
   It protects you from fire.
   It makes you vulnerable to cold.
   It greatly protects you from negative energy.
 S - an uncursed ring of ice
 Y - an uncursed ring of wizardry
Wands
 N - a wand of paralysis (6)
 U - a wand of flame (39)
Scrolls
 e - a scroll of amnesia
 i - 14 scrolls of remove curse
 j - 7 scrolls of identify
 s - 3 scrolls of magic mapping
 x - 3 scrolls of teleportation
 A - a scroll of noise
 G - a scroll of fear
 M - a scroll of acquirement
 P - a scroll of brand weapon
 R - a scroll of summoning
 V - a scroll of enchant armour
Potions
 g - 2 potions of curing
 h - 5 potions of heal wounds
 l - 2 potions of invisibility
 t - 2 potions of haste
 z - a potion of magic
 F - 3 potions of agility
 K - a potion of might
 T - a potion of mutation
 W - 2 potions of berserk rage
 Z - a potion of flight
Miscellaneous
 k - a crystal ball of energy
 I - a sack of spiders
Comestibles
 f - 32 rations
 X - 2 chunks of flesh


   Skills:
 + Level 15.5 Fighting
 + Level 17.1 Long Blades
 + Level 3.6 Axes
 + Level 16.5 Armour
 + Level 4.8 Dodging
 + Level 3.5 Stealth
 + Level 21.1 Shields
 + Level 3.1 Invocations
 + Level 2.4 Evocations


You had 16 spell levels left.
You didn't know any spells.
Your spell library contained the following spells:

 Spells                   Type           Power        Failure   Level  Hunger
 Animate Skeleton         Necr           N/A          98%         1    ##.....
 Magic Dart               Conj           #...         98%         1    ##.....
 Pain                     Necr           #...         98%         1    ##.....
 Blink                    Tloc           N/A          99%         2    ###....
 Call Imp                 Summ           #.......     99%         2    ###....
 Slow                     Hex            #.......     99%         2    ###....
 Conjure Flame            Conj/Fire      #.......     100%        3    ####...
 Ignite Poison            Fire/Tmut/Pois #.......     100%        3    ####...
 Mephitic Cloud           Conj/Pois/Air  #.......     100%        3    ####...
 Regeneration             Chrm/Necr      #.........   100%        3    ####...
 Static Discharge         Conj/Air       #.......     100%        3    ####...
 Vampiric Draining        Necr           #.........   100%        3    ####...
 Animate Dead             Necr           N/A          100%        4    #####..
 Ice Form                 Ice/Tmut       #.......     100%        4    #####..
 Fireball                 Conj/Fire      #.........   100%        5    ######.
 Lightning Bolt           Conj/Air       #.........   100%        5    ######.
 Metabolic Englaciation   Hex/Ice        #.........   100%        5    ######.
 Bolt of Cold             Conj/Ice       #.........   100%        6    #######
 Bolt of Fire             Conj/Fire      #.........   100%        6    #######
 Freezing Cloud           Conj/Ice/Air   #.........   100%        6    #######
 Ozocubu's Refrigeration  Ice            #.........   100%        6    #######
 Simulacrum               Ice/Necr       #.........   100%        6    #######
 Ring of Flames           Chrm/Fire      #.........   100%        7    #######
 Ignition                 Fire           #.........   100%        8    #######
 Shatter                  Erth           #.........   100%        9    #######
 Tornado                  Air            #.........   100%        9    #######


Dungeon Overview and Level Annotations

Branches:
Dungeon (15/15)            Temple (1/1) D:7            Lair (6/6) D:8
 Shoals (1/4) Lair:4       Spider (2/4) Lair:2        Slime (0/5) Lair:5
    Orc (2/2) D:11            Elf (0/3) Orc:2        Vaults (0/5) D:13
 Depths (0/5) D:15

Altars:
Ashenzari
Cheibriados
Elyvilon
Fedhas
Gozag
Hepliaklqana
Kikubaaqudgha
Makhleb
Okawaru
Ru
Trog
Uskayaw
Wu Jian
Xom
Yredelemnul
Zin
Jiyva

Shops:
D:6 *   Orc:1 *   Orc:2 *!*(


Innate Abilities, Weirdness & Mutations

You reflexively headbutt those who attack you in melee.
You have a pair of horns on your head.


Message History

You block the tentacle's attack. The tentacle completely misses you.
You furiously retaliate!
You headbutt the tentacle, but do no damage.
You riposte.
You hit the tentacle.
The tentacle convulses.
The tentacle is moderately damaged.
The tentacle is engulfed in a cloud of scalding steam.
You block the tentacle's attack. x2
The merfolk aquamancer points at you and mumbles some strange words.
The torrent of water hits you!
* * * LOW HITPOINT WARNING * * *
You are knocked back by the torrent of water.
Splash!
The wave splashes down.
You hear an angry hiss.
You hear a shout!
Unknown command.
The tentacle is engulfed in a cloud of scalding steam.
The tentacle segment is engulfed in a cloud of scalding steam.
The merfolk aquamancer points at you and mumbles some strange words.
The torrent of water hits you!
You die...

≈≈.≈≈≈.≈≈#≈≈≈≈≈Z≈.\...≈≈.....
###.≈≈≈≈≈#≈≈}≈Z?≈.#...≈≈≈....
.##(..≈≈≈#≈≈≈≈≈≈÷.#...≈≈≈....
....##.≈≈#8≈≈÷≈..8#...≈≈≈≈..(
≈....##.≈##≈≈..=.##≈......≈≈.
≈≈≈.....≈≈########≈m..(.>.≈≈≈
.≈≈....≈≈≈≈≈≈≈≈≈≈≈≈≈........≈
.≈.≈≈.).≈≈..##........###...≈
..≈≈≈...≈.......@...≈.# ...≈
..≈≈≈..............≈...... ..
≈≈≈≈...........#...≈......≈ .
≈≈≈..≈.......(.............
≈≈≈≈≈≈.....................
≈≈≈≈≈≈≈.###.....##.###.###.
≈≈≈≈≈≈..# ##..≈..#.# .#
≈≈≈≈≈≈.. #........ . ≈≈≈≈≈≈≈.
#.......


You could see a merfolk aquamancer.

Vanquished Creatures
  The ghost of Tisoesane the Markscentaur, an adept CeHu of Okawaru (Shoals:1)
  Agnes (Spider:1)
  A frost giant (IceCv)
  Louise (D:14)
  2 emperor scorpions
  A juggernaut zombie (D:15)
  An entropy weaver (Spider:2)
  Nessos (D:15)
  A spark wasp (Spider:1)
  An ettin (Orc:1)
  A fire dragon (Lair:6)
  2 merfolk impalers (Shoals:1)
  Josephine (D:14)
  A rakshasa (D:14)
  The ghost of barcode the Carver, a journeyman BaAr of Jiyva (Lair:4)
  9 hydras
  4 centaur warriors
  4 ogre magi
  A death knight (D:14)
  6 death yaks
  18 two-headed ogres
  2 tengu warriors
  Urug (D:11)
  A fire crab (Lair:6)
  12 skeletal warriors
  A wizard (D:13)
  2 deep trolls
  2 sea snakes (Shoals:1)
  5 unseen horrors
  3 harpies (Shoals:1)
  2 phantasmal warriors
  14 wolf spiders
  2 necromancers
  A frost giant zombie (D:15)
  The ghost of gothhamster the Spear-Bearer, a novice MfGl of Okawaru (D:9)
  7 cyclopes
  17 slime creatures
  3 manticores
  A deep elf mage (D:14)
  4 orc knights
  8 oklob plants
  5 orb spiders
  10 ugly things
  4 fauns (Shoals:1)
  8 black mambas
  3 merfolk sirens (Shoals:1)
  3 molten gargoyles (Lair:6)
  3 gargoyles
  12 spiny frogs
  An elf skeleton (D:15)
  3 centaur zombies
  An ice statue (IceCv)
  A torpor snail (Lair:6)
  10 komodo dragons
  A freezing wraith (D:14)
  4 demonic crawlers
  4 rime drakes
  2 tengu conjurers
  12 polar bears
  8 merfolk (Shoals:1)
  A wind drake (Shoals:1)
  9 jumping spiders
  9 hornets
  18 trolls
  A fire dragon zombie (D:15)
  11 blink frogs
  A snapping turtle (Shoals:1)
  6 dream sheep (Lair:6)
  11 hippogriffs
  Sigmund (D:6)
  A vampire (D:15)
  16 tarantellas
  Eustachio (D:6)
  30 redbacks
  6 water elementals
  7 wyverns
  7 wraiths
  54 yaks
  5 basilisks
  A steam dragon (Lair:6)
  A catoblepas simulacrum (Lair:4)
  2 death yak simulacra (Lair:4)
  2 acid dragons
  3 wargs
  12 water moccasins
  Duvessa (D:7)
  3 hell hounds (Lair:6)
  11 porcupines
  A hornet zombie (D:12)
  A meliai simulacrum (D:13)
  40 orc warriors
  11 ice beasts
  3 black bears
  5 phantoms
  5 sky beasts
  An elephant zombie (Lair:5)
  An eye of draining (D:13)
  28 ogres
  26 wolves
  22 centaurs
  A crocodile (shapeshifter) (D:14)
  15 crocodiles
  20 bullfrogs
  Blork the orc (D:4)
  A spiny frog simulacrum (Lair:4)
  A water moccasin zombie (D:6)
  3 scorpions
  Dowan (D:7)
  A blink frog simulacrum (Lair:4)
  15 killer bees
  3 wights (D:10)
  A rime drake simulacrum (Lair:4)
  2 electric eels (Lair:4)
  6 bullfrog zombies
  5 lava snakes (Lair:6)
  7 crimson imps
  7 jellies
  A quasit (D:6)
  8 hounds
  Crazy Yiuf (D:7)
  2 bullfrog skeletons
  8 centaur skeletons
  14 orc priests
  17 orc wizards
  3 worker ants
  A crocodile zombie (Lair:5)
  2 bullfrog simulacra (D:13)
  A small abomination (Abyss:3)
  A basilisk simulacrum (Lair:4)
  A hound zombie (D:11)
  A worker ant zombie (D:10)
  Robin (D:2)
  18 gnolls
  10 adders
  4 shadow imps
  2 white imps (D:13)
  2 ufetubi
  7 oozes
  An adder zombie (D:4)
  An adder skeleton (D:4)
  5 worms (D:2)
  3 dart slugs
  11 leopard geckos
  105 orcs
  2 ball pythons
  6 bats
  3 giant cockroaches
  17 goblins
  8 hobgoblins
  7 jackals
  8 quokkas
  A ball python skeleton (D:4)
  7 frilled lizards
  6 kobolds
  A leopard gecko skeleton (D:6)
  8 rats
  A fungus (Lair:6)
  A plant (Lair:2)
  A tentacle (Shoals:1)
1016 creatures vanquished.

Vanquished Creatures (others)
  A black mamba (Lair:6)
  A polar bear (IceCv)
  8 fungi
  6 plants
  3 tentacles (Shoals:1)
  A withered plant (D:15)
20 creatures vanquished.

Grand Total: 1036 creatures vanquished

Notes
Turn   | Place    | Note
-------+----------+-------------------------------------------
     0 | D:1      | Peloso the Minotaur Fighter began the quest for the Orb.
     0 | D:1      | Reached XP level 1. HP: 19/19 MP: 0/0
   359 | D:1      | Reached skill level 4 in Shields
   359 | D:1      | Reached XP level 2. HP: 27/27 MP: 1/1
   593 | D:2      | Reached XP level 3. HP: 32/33 MP: 2/2
   680 | D:2      | Noticed Robin
   701 | D:2      | Killed Robin
   721 | D:2      | Reached skill level 1 in Dodging
   722 | D:2      | Reached XP level 4. HP: 6/40 MP: 3/3
  1617 | D:1      | Reached skill level 1 in Stealth
  1798 | D:2      | Reached XP level 5. HP: 41/46 MP: 4/4
  2096 | D:2      | Found a blossoming altar of Fedhas.
  2819 | D:3      | Reached skill level 5 in Shields
  2944 | D:4      | Reached XP level 6. HP: 53/53 MP: 5/5
  3055 | D:4      | Reached skill level 5 in Long Blades
  3069 | D:4      | Reached skill level 5 in Armour
  3156 | D:4      | Noticed Blork the orc
  3167 | D:4      | Killed Blork the orc
  3651 | D:4      | Reached XP level 7. HP: 53/60 MP: 6/6
  4374 | D:5      | Entered Level 5 of the Dungeon
  4601 | D:5      | Reached skill level 5 in Fighting
  4994 | D:5      | Reached XP level 8. HP: 68/68 MP: 7/7
  5156 | D:6      | Found Cuup's Serpentskin Sales.
  5213 | D:6      | Noticed a green ugly thing
  5228 | D:6      | Killed a green ugly thing
  5228 | D:6      | Reached skill level 6 in Shields
  5266 | D:6      | Got a fine plate armour
  5296 | D:6      | Identified the cursed +0 plate armour of Ruaquyr {rN+} (You
                  | found it on level 6 of the Dungeon)
  5539 | D:6      | Noticed Eustachio
  5554 | D:6      | Killed Eustachio
  5650 | D:6      | Noticed Sigmund
  5663 | D:6      | Noticed a hornet
  5669 | D:6      | Reached XP level 9. HP: 68/74 MP: 8/8
  5683 | D:6      | Killed Sigmund
  5695 | D:6      | Reached skill level 7 in Shields
  6325 | D:7      | Noticed Dowan
  6332 | D:7      | Noticed Duvessa
  6337 | D:7      | Killed Dowan
  6351 | D:7      | Killed Duvessa
  6406 | D:7      | Reached skill level 10 in Long Blades
  6859 | D:7      | Found a staircase to the Ecumenical Temple.
  6869 | Temple   | Entered the Ecumenical Temple
  6923 | Temple   | Became a worshipper of Warmaster Okawaru
  7396 | D:7      | Found a runed door.
  7400 | D:7      | Noticed Crazy Yiuf
  7404 | D:7      | Killed Crazy Yiuf
  7500 | D:8      | Reached skill level 8 in Shields
  8046 | D:8      | Found a staircase to the Lair.
  8047 | D:8      | Noticed a death yak
  8048 | D:8      | Noticed a death yak
  8069 | D:8      | Noticed a death yak
  8072 | D:8      | Killed a death yak
  8072 | D:8      | Reached * piety under Okawaru
  8072 | D:8      | Reached XP level 10. HP: 84/84 MP: 9/9
  8074 | D:8      | Reached skill level 9 in Shields
  8656 | D:9      | Found an ancient bone altar of Kikubaaqudgha.
  8698 | D:9      | Reached ** piety under Okawaru
  8836 | D:9      | Found a runed gate.
  8839 | D:9      | Found an opulent altar of Gozag.
  8841 | D:9      | Found a runed gate.
  8841 | D:9      | Found a runed gate.
  8841 | D:9      | Noticed gothhamster's ghost (novice MfGl)
  8954 | D:9      | Reached skill level 10 in Armour
  9210 | D:10     | Entered Level 10 of the Dungeon
  9364 | D:10     | Reached *** piety under Okawaru
  9399 | D:10     | Found a flagged portal.
  9407 | Bailey   | Entered a bailey
  9795 | Bailey   | Reached skill level 1 in Evocations
 10239 | Bailey   | Noticed an orc knight
 10260 | Bailey   | HP: 3/86 [orc knight/glaive (16)]
 10386 | Bailey   | Killed an orc knight
 10718 | Bailey   | Got a steaming bardiche
 10735 | Bailey   | Identified the +3 bardiche "Tozar" {protect, *Noise rElec
                  | rC++ Stlth+} (You found it in a bailey)
 10809 | D:10     | Reached skill level 10 in Shields
 10819 | D:10     | Reached XP level 11. HP: 92/92 MP: 9/11
 10843 | D:10     | Got an ichor-stained flail {freeze}
 10849 | D:10     | Noticed an unseen horror
 10881 | D:10     | Killed an unseen horror
 10881 | D:10     | Reached **** piety under Okawaru
 11337 | D:10     | Identified the +7 flail of Righteous Anger {freeze, +Rage}
                  | (You took it off an orc on level 10 of the Dungeon)
 11584 | D:11     | Noticed a five-headed hydra
 12474 | Lair:1   | Entered Level 1 of the Lair of Beasts
 13095 | Lair:1   | Reached skill level 11 in Shields
 13718 | Lair:2   | Reached ***** piety under Okawaru
 13873 | Lair:2   | Noticed an oklob plant
 13903 | Lair:2   | Noticed an oklob plant
 14048 | Lair:2   | Found a hole to the Spider Nest.
 14056 | Lair:2   | Noticed a wolf spider
 14071 | Lair:2   | Killed a wolf spider
 14071 | Lair:2   | Received a gift from Okawaru
 14077 | Lair:2   | Got a pair of ichor-stained gloves {god gift}
 14093 | Lair:2   | Identified the +0 pair of gloves of Gestures {rC+ SInv
                  | Stlth+} (Okawaru gifted it to you on level 2 of the Lair of
                  | Beasts)
 14166 | Lair:2   | Noticed an oklob plant
 14168 | Lair:2   | Noticed an oklob plant
 15083 | Lair:3   | Reached XP level 12. HP: 99/104 MP: 12/12
 15463 | Lair:3   | Reached skill level 12 in Shields
 16189 | Lair:4   | Noticed a seven-headed hydra
 16192 | Lair:4   | Found a staircase to the Shoals.
 16211 | Lair:4   | HP: 4/106 [14-headed hydra (11)]
 16215 | Lair:4   | Killed a 16-headed hydra
 16215 | Lair:4   | Reached skill level 10 in Fighting
 16251 | Lair:4   | HP: 4/106 [rime drake/flash freeze (12)]
 16719 | Lair:4   | Found a runed gate.
 16719 | Lair:4   | Found a runed gate.
 16719 | Lair:4   | Found a runed gate.
 16764 | Lair:4   | Reached skill level 1 in Invocations
 16958 | Lair:4   | Noticed barcode's ghost (journeyman BaAr)
 17010 | Lair:4   | Noticed a six-headed hydra
 17120 | Lair:4   | Noticed a seven-headed hydra
 17319 | D:11     | Killed an 11-headed hydra
 17319 | D:11     | Received a gift from Okawaru
 17428 | D:11     | Reached skill level 13 in Shields
 17448 | D:11     | Found an ornate altar of the Wu Jian Council.
 17530 | D:11     | Noticed Urug
 17543 | D:11     | Killed Urug
 17798 | D:11     | Found a staircase to the Orcish Mines.
 17817 | D:11     | Reached XP level 13. HP: 96/114 MP: 13/13
 18101 | D:12     | Found a shimmering altar of Xom.
 19439 | D:13     | Reached skill level 14 in Shields
 19607 | D:13     | Found a frozen archway.
 19657 | IceCv    | Entered an ice cave
 20229 | IceCv    | Received a gift from Okawaru
 20569 | IceCv    | Noticed a frost giant
 20608 | IceCv    | Killed a frost giant
 20617 | IceCv    | Reached skill level 15 in Long Blades
 21577 | D:13     | Received a gift from Okawaru
 21591 | D:13     | Reached XP level 14. HP: 55/127 MP: 6/14
 21804 | D:13     | Found a gate to the Vaults.
 22050 | D:13     | Reached skill level 1 in Axes
 22149 | D:13     | Reached skill level 15 in Shields
 23717 | D:9      | Killed gothhamster's ghost
 24194 | Lair:4   | Received a gift from Okawaru
 24875 | Lair:4   | Killed barcode's ghost
 24875 | Lair:4   | Reached ****** piety under Okawaru
 24875 | Lair:4   | Received a gift from Okawaru
 24875 | Lair:4   | Reached skill level 15 in Armour
 24900 | Lair:4   | Got the ring of Guifeise {Fire}
 24902 | Lair:4   | Identified the ring of Guifeise {Fire rN++} (You found it
                  | on level 4 of the Lair of Beasts)
 24911 | Lair:4   | Got a fine mace
 24912 | Lair:4   | Identified the +7 mace "Giantslayer" {pain, *Rage rC+ Str+7
                  | Dex-3} (You found it on level 4 of the Lair of Beasts)
 25237 | Lair:5   | Found a staircase to the Slime Pits.
 25237 | Lair:5   | Found a viscous altar of Jiyva.
 25241 | Lair:5   | Identified a scroll of acquirement
 25900 | Lair:6   | Entered Level 6 of the Lair of Beasts
 25946 | Lair:6   | Received a gift from Okawaru
 25991 | Lair:6   | Reached skill level 16 in Shields
 26100 | Lair:6   | Received a gift from Okawaru
 27107 | Lair:6   | Reached XP level 15. HP: 106/136 MP: 10/15
 27294 | Lair:6   | Found a large runed door.
 27294 | Lair:6   | Found a large runed door.
 28980 | D:14     | Received a gift from Okawaru
 29122 | D:14     | Found a hazy altar of Hepliaklqana.
 29441 | D:14     | Reached skill level 17 in Shields
 29499 | D:14     | Noticed Josephine
 29567 | D:14     | Killed Josephine
 29780 | D:14     | Noticed Louise
 29794 | D:14     | Cast into level 3 of the Abyss (Louise)
 29887 | D:14     | Escaped the Abyss
 29896 | D:14     | Killed Louise
 31960 | Orc:1    | Entered Level 1 of the Orcish Mines
 31974 | Orc:1    | Received a gift from Okawaru
 31993 | Orc:1    | Got a bloodstained buckler {god gift}
 32033 | D:11     | Identified the +0 buckler of the Invisible Princes {MR+
                  | Regen+} (Okawaru gifted it to you on level 1 of the Orcish
                  | Mines)
 32372 | Orc:1    | Found Yzot's Assorted Antiques.
 32405 | Orc:1    | Bought a pair of steaming gloves for 266 gold pieces
 32417 | Orc:1    | Identified the +2 pair of gloves of the Valley {Str+2} (You
                  | bought it in a shop on level 1 of the Orcish Mines)
 32600 | Orc:2    | Entered Level 2 of the Orcish Mines
 32848 | Orc:1    | Reached skill level 18 in Shields
 33896 | Orc:2    | Reached XP level 16. HP: 141/147 MP: 17/17
 34092 | Orc:2    | Found Zeakk's Assorted Antiques.
 34095 | Orc:2    | Found Xihiotzo's General Store.
 34096 | Orc:2    | Found Ashun's Antique Weapon Shoppe.
 34386 | Orc:2    | Found Vuili's Distillery.
 34524 | Orc:2    | Bought a scroll of magic mapping for 38 gold pieces
 34529 | Orc:2    | Bought a potion of heal wounds for 75 gold pieces
 34529 | Orc:2    | Bought a potion of berserk rage for 75 gold pieces
 34529 | Orc:2    | Bought 2 potions of heal wounds for 150 gold pieces
 34637 | Orc:2    | Found a staircase to the Elven Halls.
 34963 | Orc:2    | Bought a glowing long sword for 149 gold pieces
 35064 | D:15     | Entered Level 15 of the Dungeon
 35064 | D:15     | Noticed Nessos
 35470 | D:15     | Killed Nessos
 35470 | D:15     | Received a gift from Okawaru
 35785 | D:15     | Reached skill level 19 in Shields
 35815 | D:15     | Found a staircase to the Depths.
 36838 | Spider:1 | Entered Level 1 of the Spider Nest
 37539 | Spider:1 | Reached skill level 15 in Fighting
 37811 | Spider:1 | Received a gift from Okawaru
 38199 | Spider:1 | Noticed Agnes
 38215 | Spider:1 | Killed Agnes
 38215 | Spider:1 | Reached skill level 20 in Shields
 39269 | Spider:1 | HP: 7/149 [wolf spider (1)]
 40428 | Spider:2 | Reached XP level 17. HP: 153/156 MP: 18/18
 40664 | Lair:4   | Received a gift from Okawaru
 40702 | Shoals:1 | Entered Level 1 of the Shoals
 40810 | Shoals:1 | Got a jewelled scale mail
 40843 | Shoals:1 | Identified the +1 scale mail of Xadde {*Slow MR+ Regen+
                  | Slay+6} (You found it on level 1 of the Shoals)
 41068 | Shoals:1 | Reached skill level 21 in Shields
 41210 | Shoals:1 | Found a runed gate.
 41210 | Shoals:1 | Found a runed gate.
 41210 | Shoals:1 | Noticed Tisoesane's ghost (adept CeHu)
 41219 | Shoals:1 | Found a runed gate.
 41245 | Shoals:1 | Killed Tisoesane's ghost
 41251 | Shoals:1 | Killed from afar by a merfolk aquamancer

Skill      XL: |  1  2  3  4  5  6  7  8  9 10 11 12 13 14 15 16 17 |
---------------+----------------------------------------------------+-----
Shields        | 4 5 6 8 10 11 13 14 16 18 20 21 | 21.1
Armour         | 4 5 6 7 9 10 12 13 14 15 16 | 16.5
Dodging        | 1 2 3 4 |  4.8
Long Blades    | 3 4 6 7 9 10 12 13 14 15 16 17 | 17.1
Fighting       | 4 5 6 7 9 10 12 13 14 15 | 15.5
Stealth        | 1 2 3 |  3.5
Evocations     | 2 |  2.4
Invocations    | 1 2 3 |  3.1
Axes           | 3 |  3.6

Action                   |  1- 3 |  4- 6 |  7- 9 | 10-12 | 13-15 | 16-18 || total
-------------------------+-------+-------+-------+-------+-------+-------++-------
Melee: Long sword        |    97 |   178 |   376 |   913 |   147 |   695 ||  2406
       Headbutt          |     9 |    42 |    94 |   256 |   575 |   309 ||  1285
       Scimitar          |       |       |       |       |  1718 |   265 ||  1983
       Hand axe          |       |       |       |       |    41 |     7 ||    48
Invok: Heroism           |       |       |       |     5 |    17 |     6 ||    28
       Finesse           |       |       |       |     2 |     1 |       ||     3
 Abil: Evoke Flight      |       |       |       |     6 |     3 |       ||     9
Evoke: Wand              |       |       |     2 |    26 |       |       ||    28
  Use: Potion            |       |     1 |     5 |     6 |     2 |     4 ||    18
       Scroll            |       |       |    14 |    16 |     9 |     6 ||    45
 Stab: Paralysed         |       |       |     7 |       |       |       ||     7
  Eat: Ration            |       |     1 |       |     3 |     5 |     2 ||    11
       Chunk             |       |     5 |    14 |    23 |    37 |    17 ||    96
Armor: Scale mail        |    66 |    37 |       |       |       |       ||   103
       Chain mail        |       |    40 |    42 |       |       |       ||    82
       Plate armour      |       |       |    94 |   394 |   666 |   433 ||  1587
       Acid dragon scale |       |       |       |       |    10 |       ||    10
Dodge: Dodged            |    27 |    65 |   102 |   396 |   400 |   243 ||  1233
Block: Shield            |    70 |   108 |   198 |   639 |   384 |       ||  1399
       Large shield      |       |       |       |       |  1396 |  1414 ||  2810
       Rpst.: Long sword |     9 |    17 |    19 |    72 |    12 |    31 ||   160
       Scimitar          |       |       |       |       |    58 |     7 ||    65
